 Dungeon Crawl Stone Soup version 0.28.0-49-g6dfe1f597d (webtiles) character file.

Game seed: 10481376169551041533

43687 pkoi the Zephyrmancer (level 13, -1/105 HPs)
             Began as a Demigod Air Elementalist on May 13, 2022.
             Killed by an exploding ball lightning (13 damage)
             ... on level 5 of the Lair of Beasts.
             The game lasted 01:00:56 (35109 turns).

pkoi the Zephyrmancer (Demigod Air Elementalist)   Turns: 35109, Time: 01:00:56

Health: -1/105     AC:  7    Str: 11    XL:     13   Next: 54%
Magic:  15/27      EV: 17    Int: 40    God:
Gold:   1032       SH:  0    Dex: 14    Spells: 4/25 levels left

rFire   . . .      SeeInvis .     - Unarmed
rCold   . . .      Faith    .   (no shield)
rNeg    . . .      Spirit   .   E - +0 ring mail
rPois   .          Reflect  .   (no helmet)
rElec   .          Harm     .   r - scarf {repulsion}
rCorr   .          Rampage  .   (no gloves)
Will    +....                   s - +0 pair of boots of Impatience {Int+6}
Stlth   ++........              G - amulet of Accord {Regen+ Str-2 Int+5}
HPRegen 1.07/turn               q - +4 ring of evasion
MPRegen 0.20/turn               D - ring of flight

@: lethally poisoned (-1 -> -16), flying, repel missiles
A: high MP 1, forlorn, divine attributes
a: no special abilities


You were on level 5 of the Lair of Beasts.
You visited 2 branches of the dungeon, and saw 17 of its levels.

You collected 1032 gold pieces.

Inventory:

Missiles
 i - 11 curare-tipped darts
Armour
 a - a +1 robe
 r - a scarf of repulsion (worn)
 s - the +0 pair of boots of Impatience (worn) {Int+6}
   (You found it on level 7 of the Dungeon)

   Int:       It affects your intelligence (+6).
 E - a +0 ring mail (worn)
Jewellery
 e - an amulet of reflection
 q - a +4 ring of evasion (left hand)
 t - an amulet of magic regeneration
 z - a ring of resist corrosion
 B - a ring of fire
 D - a ring of flight (right hand)
 G - the amulet of Accord (around neck) {Regen+ Str-2 Int+5}
   (You found it on level 5 of the Lair of Beasts)

   [amulet of regeneration]

   Str:       It affects your strength (-2).
   Int:       It affects your intelligence (+5).
   Regen:     It increases your rate of health regeneration.
Wands
 c - a wand of paralysis (4)
 j - a wand of digging (4)
 n - a wand of flame (25)
 u - a wand of polymorph (14)
 x - a wand of acid (10)
 y - a wand of mindburst (14)
 I - a wand of iceblast (4)
Scrolls
 b - 4 scrolls of identify
 d - 4 scrolls of enchant armour
 k - 5 scrolls of teleportation
 p - a scroll of magic mapping
 v - a scroll of fog
 w - a scroll of holy word
 F - a scroll of fear
 H - a scroll of enchant weapon
Potions
 f - 2 potions of haste
 g - 3 potions of flight
 h - 4 potions of might
 l - 3 potions of heal wounds
 m - 4 potions of curing
 o - a potion of magic
 A - a potion of berserk rage
 C - a potion of brilliance


   Skills:
 - Level 7.0 Fighting
 + Level 6.1 Armour
 - Level 7.0 Dodging
 - Level 3.0 Stealth
 - Level 10.0 Unarmed Combat
 + Level 6.9 Spellcasting
 + Level 8.0 Conjurations
 + Level 6.0 Fire Magic
 - Level 11.0 Air Magic
 - Level 3.3 Evocations


You had 4 spell levels left.
You knew the following spells:

 Your Spells              Type           Power      Damage    Failure   Level
a - Shock                 Conj/Air       100%       1d9       1%          1
b - Static Discharge      Conj/Air       74%        N/A       1%          2
c - Swiftness             Air            80%        N/A       1%          3
d - Airstrike             Air            40%        N/A       1%          4
e - Conjure Ball Lightni  Conj/Air       37%        3x3d12    16%         6
f - Fireball              Conj/Fire      31%        3d13      8%          5

Your spell library contained the following spells:

 Spells                   Type           Power      Damage    Failure   Level
 Freeze                   Ice            52%        1d7       5%          1
 Hailstorm                Conj/Ice       45%        3d10      10%         4
 Frozen Ramparts          Ice            26%        1d4       16%         3
 Gell's Gravitas          Tloc           13%        N/A       16%         3
 Ozocubu's Armour         Ice            13%        N/A       16%         3
 Teleport Other           Tloc           13%        N/A       16%         3
 Iskenderun's Battlesphe  Conj           67%        2d12      5%          5
 Metabolic Englaciation   Hex/Ice        6%         N/A       82%         5
 Orb of Destruction       Conj           33%        9d10      85%         7
 Dispersal                Tloc           6%         N/A       100%        6
 Simulacrum               Ice/Necr       6%         N/A       100%        6


Dungeon Overview and Level Annotations

Branches:
Dungeon (12/15)            Temple (0/1) D:7            Lair (5/6) D:10
  Swamp (0/4) Lair:2       Spider (0/4) Lair:2          Orc (0/2) D:11
  Slime: Lair:5-6

Shops:
D:9 [

Annotations:
D:6 corrosion demon vault, exclusion: downstairs
Lair:5 Nessos, Rupert


Innate Abilities, Weirdness & Mutations

You have an increased reservoir of magic. (+10% MP)
You shall have no god before yourself.
Your divine heritage dramatically boosts your attributes as you level up.


Message History

Nessos seems to speed up.
Nessos shoots an arrow.
The arrow hits you!!
* * * LOW HITPOINT WARNING * * *
The arrow burns you!
* * * LOW HITPOINT WARNING * * *
Nessos shoots an arrow.
The arrow misses you.
Nessos gestures wildly while chanting.
Nessos blinks!
The blink frog blinks!
Casting: Airstrike (mildly dangerous; 1% risk of failure)
Confirm with . or Enter, or press ? or * to list all spells.
You create some ball lightning! 3 ball lightnings come into view.
Nessos shoots an arrow.
The arrow misses you.
Nessos casts a spell.
Nessos blinks!
The blink frog blinks!
Nessos shoots an arrow.
The arrow barely misses you.
Nessos shoots an arrow.
The arrow hits you!!
* * * LOW HITPOINT WARNING * * *
The arrow burns you.
You are poisoned.
* * * LOW HITPOINT WARNING * * *
Your ball lightning explodes!
The blast of lightning engulfs you!!
* * * LOW HITPOINT WARNING * * *
The blast of lightning engulfs Nessos!!
Nessos is moderately wounded.
The blink frog blinks!
You hear an angry hiss.
There is a stone staircase leading up, spattered with blood here.
You feel extremely sick.
Nessos shoots an arrow.
The arrow barely misses you. The arrow hits your ball lightning!!
Your ball lightning explodes!
The blast of lightning engulfs you!
* * * LOW HITPOINT WARNING * * *
The blast of lightning engulfs your ball lightning.
Your ball lightning completely resists.
Your ball lightning explodes!
The blast of lightning engulfs you!
You die...

..#. ..... ...... ##
####......
###.###..........
#....#............ ## #
##....@..c...P....##. P
#...............##.#. .
###..................#.
#P.......F.##........#
#.............$.......
##............# #...
#............## #.<.
#...........##.....>..
#P.##.ยง...........l#..


You could see Nessos (fast) and a blink frog.

Vanquished Creatures
  5 hydras
  3 two-headed ogres
  7 death yaks
  Sonja (Lair:1)
  A deep elf pyromancer (D:10)
  An ugly thing (D:11)
  7 black mambas
  15 elephants
  A torpor snail (Lair:4)
  10 cane toads
  An unseen horror (D:8)
  3 rime drakes
  11 komodo dragons
  2 trolls (D:11)
  A polar bear (Lair:3)
  2 dream sheep (Lair:3)
  3 hornets
  12 blink frogs
  A shadow (D:10)
  A fire bat (shapeshifter) (D:9)
  38 yaks
  4 basilisks
  3 redbacks (Lair:2)
  Menkaure (D:4)
  4 swamp worms (Lair:2)
  Edmund (D:6)
  22 water moccasins
  3 orc warriors
  An ice beast (D:7)
  4 black bears
  4 ogres
  A necrophage (D:7)
  9 wolves
  6 centaurs
  4 kobold brigands
  8 bullfrogs
  A gnoll sergeant (D:10)
  2 scorpions (D:5)
  2 wyvern zombies
  12 killer bees
  5 howler monkeys
  2 bullfrog zombies
  3 centaur zombies
  A centaur skeleton (D:6)
  A jelly (D:5)
  Crazy Yiuf (D:2)
  2 bullfrog skeletons (D:5)
  4 orc priests
  2 hounds (D:5)
  10 orc wizards
  3 hell rats (Lair:4)
  An iguana (Lair:2)
  A hound skeleton (D:5)
  7 gnolls
  A howler monkey skeleton (D:7)
  8 river rats
  8 adders
  A shadow imp (D:6)
  A white imp (D:7)
  3 worms
  2 dart slugs
  33 orcs
  4 ball pythons
  6 bats
  6 endoplasms
  4 giant cockroaches
  5 goblins
  2 hobgoblins
  2 jackals (D:3)
  4 quokkas
  A frilled lizard (D:2)
  16 kobolds
  11 rats
379 creatures vanquished.

Vanquished Creatures (others)
  A kobold (D:9)
  6 ball lightnings (Lair:5)
  A bush (Lair:3)
  25 fungi
  24 plants
57 creatures vanquished.

Grand Total: 436 creatures vanquished

Notes
Turn   | Place    | Note
-------+----------+-------------------------------------------
     0 | D:1      | pkoi the Demigod Air Elementalist began the quest for the
                  | Orb.
     0 | D:1      | Reached XP level 1. HP: 14/14 MP: 5/5
   259 | D:1      | Reached skill level 3 in Air Magic
   400 | D:1      | Reached XP level 2. HP: 20/20 MP: 2/7
   813 | D:1      | Reached skill level 1 in Unarmed Combat
  1552 | D:2      | Identified the +5 chain mail "Sody" {Rampage rN+ Str+3}
  1556 | D:2      | Learned a level 2 spell: Static Discharge
  1629 | D:2      | Reached XP level 3. HP: 26/26 MP: 0/8
  1915 | D:2      | Reached skill level 1 in Conjurations
  2251 | D:2      | Found a runed translucent door.
  2252 | D:2      | Noticed Crazy Yiuf
  3387 | D:3      | Reached XP level 4. HP: 34/34 MP: 6/9
  3969 | D:4      | Noticed Menkaure
  4132 | D:4      | Killed Menkaure
  4133 | D:4      | Reached skill level 1 in Fighting
  4133 | D:4      | Reached skill level 4 in Air Magic
  4133 | D:4      | Reached XP level 5. HP: 8/40 MP: 7/11
  4584 | D:4      | Learned a level 4 spell: Airstrike
  5086 | D:4      | Noticed an ogre
  5250 | D:4      | Killed an ogre
  5250 | D:4      | HP: 2/40 [/static electricity (1)]
  5251 | D:4      | Reached XP level 6. HP: 3/48 MP: 2/13
  6031 | D:5      | Entered Level 5 of the Dungeon
  6162 | D:5      | Reached skill level 5 in Air Magic
  6855 | D:5      | Reached XP level 7. HP: 56/56 MP: 10/14
  6859 | D:5      | Learned a level 3 spell: Swiftness
  8139 | D:6      | Reached skill level 6 in Air Magic
  8662 | D:6      | Noticed Edmund
  8667 | D:6      | Killed Edmund
  8668 | D:6      | Reached XP level 8. HP: 63/63 MP: 2/17
  9877 | D:7      | Reached skill level 7 in Air Magic
 10070 | D:7      | Identified the +0 pair of boots of Impatience {Int+6}
 10407 | D:7      | Found a staircase to the Ecumenical Temple.
 10408 | D:7      | Noticed a hornet
 10411 | D:7      | Killed a hornet
 10651 | D:6      | Noticed a rust devil
 10651 | D:6      | Noticed a rust devil
 11443 | D:7      | Reached skill level 1 in Armour
 11455 | D:7      | Reached XP level 9. HP: 71/72 MP: 5/19
 11589 | D:7      | Learned a level 6 spell: Conjure Ball Lightning
 11793 | D:8      | Reached skill level 5 in Unarmed Combat
 12674 | D:8      | Noticed a two-headed ogre
 12912 | D:8      | Killed a two-headed ogre
 12913 | D:8      | Reached skill level 5 in Spellcasting
 12913 | D:8      | Reached skill level 8 in Air Magic
 13456 | D:8      | Killed an unseen horror
 13977 | D:9      | Reached skill level 5 in Fighting
 14111 | D:9      | Reached XP level 10. HP: 72/81 MP: 11/21
 16160 | D:9      | Found Xagrarph's Antique Armour Emporium.
 16856 | D:10     | Entered Level 10 of the Dungeon
 16875 | D:10     | Found a staircase to the Lair.
 16875 | D:10     | Noticed a death yak
 16875 | D:10     | Noticed a death yak
 16892 | D:10     | Noticed a death yak
 16900 | D:9      | Killed a death yak
 16901 | D:9      | Reached skill level 1 in Evocations
 17337 | D:10     | You fall into a shaft and drop 2 floors!
 17421 | D:11     | Found a staircase to the Orcish Mines.
 17533 | D:11     | Reached skill level 9 in Air Magic
 17699 | D:11     | Noticed a red ugly thing
 17712 | D:11     | Killed a red ugly thing
 17927 | D:11     | Noticed a two-headed ogre
 17943 | D:11     | Killed a two-headed ogre
 18042 | D:11     | Noticed a two-headed ogre
 18046 | D:11     | Killed a two-headed ogre
 18323 | D:10     | Reached XP level 11. HP: 89/89 MP: 10/23
 19035 | D:2      | Killed Crazy Yiuf
 19245 | Lair:1   | Entered Level 1 of the Lair of Beasts
 19454 | Lair:1   | Learned a level 5 spell: Fireball
 20010 | Lair:1   | Reached skill level 1 in Fire Magic
 20199 | Lair:1   | Noticed Sonja
 20207 | Lair:1   | Killed Sonja
 20208 | Lair:1   | Reached skill level 5 in Conjurations
 20228 | Lair:1   | Reached skill level 5 in Dodging
 22136 | Lair:2   | Found a hole to the Spider Nest.
 22535 | Lair:2   | Reached skill level 10 in Air Magic
 22536 | Lair:2   | Reached XP level 12. HP: 29/96 MP: 10/25
 22709 | Lair:2   | Noticed a seven-headed hydra
 22713 | Lair:2   | Killed a seven-headed hydra
 22870 | Lair:2   | Noticed a six-headed hydra
 22923 | Lair:2   | Killed a six-headed hydra
 23127 | Lair:2   | Found a staircase to the Swamp.
 26883 | Lair:3   | Reached skill level 5 in Fire Magic
 27423 | Lair:3   | Noticed a four-headed hydra
 28321 | Lair:3   | Killed a four-headed hydra
 28322 | Lair:3   | Reached skill level 10 in Unarmed Combat
 28437 | Lair:3   | Reached XP level 13. HP: 102/102 MP: 14/26
 30547 | D:10     | Reached skill level 5 in Armour
 34168 | Lair:4   | Reached skill level 11 in Air Magic
 34384 | Lair:5   | Noticed Nessos
 34386 | Lair:5   | Noticed Rupert
 34693 | Lair:5   | Identified the amulet of Accord {Regen+ Str-2 Int+5}
 35109 | Lair:5   | Killed by an exploding ball lightning

Illustrated notes

Levels and vault maps discovered:
D:1:      lemuel_arrival_room, layout_rooms
D:2:      layout_rooms, nicolae_ecumenical_pavilion, uniq_crazy_yiuf_cottage
D:3:      layout_loops_ring, st_stairs_11, minmay_pentangle
D:4:      layout_basic, nemelex_diamond_rough_becter, uniq_menkaure
D:5:      layout_cave_pods, okawaru_ov_weapons_minmay, kennysheep_generic_room_5
D:6:      cheibrodos_iron_armory, layout_gridville, vehumet_crystals,
          fedhas_ov_isle_minmay, uniq_edmund
D:7:      layout_loops_corners, nicolae_gozag_seed_capital, cheibriados_altar_1,
          zin_statuary, marbit_many_paths, minmay_temple_entry_mist
D:8:      layout_gridville
D:9:      layout_gridville, serial_shops, kennysheep_mini
D:10:     layout_roguey, regret_index_temple_of_mockery, dpeg_lair_monsters,
          kennysheep_generic_room_9
D:11:     layout_irregular_city, minmay_orc_entry_temple_small,
          gammafunk_ghost_smash, fungi_pond_lemuel, chequers_avenue, uniq_urug
D:12:     layout_irregular_city, uniq_azrael
Lair:1:   hellmonk_warped_wall, layout_layer_cave, uniq_sonja
Lair:2:   layout_hall_layers, palyth_hydra_swamp_entry, spider_nest_entry_a,
          chequers_serial_rivers_micro_c, beast_lair_carwin_5
Lair:3:   nzn_winding_woodlands_stair_trap [nzn_winding_woodlands_5x15_sawtooth,
          nzn_winding_woodlands_5x15_longhouse,
          nzn_winding_woodlands_5x15_parted,
          nzn_winding_woodlands_15x15_thick_spiral,
          nzn_winding_woodlands_5x15_jagged, nzn_winding_woodlands_5x15_garden,
          nzn_winding_woodlands_5x15_eye], layout_misc_corridors
Lair:4:   layout_cave_pods, kennysheep_abandoned_house
Lair:5:   layout_misc_corridors, special_room [special_room_bee],
          bobbens_dragon_lair_wall, uniq_nessos, uniq_rupert

Skill      XL: |  1  2  3  4  5  6  7  8  9 10 11 12 13 |
---------------+----------------------------------------+-----
Air Magic      | 3 4 5 6 7 8 9 10 11 | 11.0
Unarmed Combat | 1 2 3 4 6 7 9 10 | 10.0
Conjurations   | 1 2 3 4 6 7 8 |  8.0
Spellcasting   | 2 3 4 5 6 |  6.9
Fighting       | 1 2 3 4 5 6 7 |  7.0
Dodging        | 2 3 4 5 6 7 |  7.0
Armour         | 1 2 3 4 6 |  6.1
Evocations     | 2 3 |  3.3
Stealth        | 3 |  3.0
Fire Magic     | 3 5 6 |  6.0

Action                   |  1- 3 |  4- 6 |  7- 9 | 10-12 | 13-15 || total
-------------------------+-------+-------+-------+-------+-------++-------
Melee: Quarterstaff      |     3 |       |       |       |       ||     3
       Flail             |       |    22 |    48 |     9 |       ||    79
       Punch             |       |       |     1 |     7 |    11 ||    19
       Unarmed           |       |       |       |    66 |    83 ||   149
 Cast: Shock             |   102 |    68 |   141 |    51 |     7 ||   369
       Static Discharge  |       |     5 |    39 |    69 |    20 ||   133
       Airstrike         |       |       |    50 |   222 |   121 ||   393
       Fireball          |       |       |       |    45 |     7 ||    52
       Swiftness         |       |       |       |     1 |       ||     1
       Conjure Ball Ligh |       |       |       |       |     2 ||     2
Evoke: Wand              |       |     6 |       |       |     4 ||    10
  Use: Scroll            |       |     9 |     2 |     7 |     2 ||    20
       Potion            |       |     2 |       |     2 |       ||     4
 Stab: Sleeping          |       |       |     2 |     1 |     2 ||     5
Armor: Robe              |     4 |    10 |    29 |    29 |     1 ||    73
       Ring mail         |       |       |       |       |    28 ||    28
Dodge: Dodged            |    19 |    20 |    84 |   137 |    99 ||   359
       Repelled          |       |       |       |     1 |       ||     1
Block: Other             |       |       |    10 |    12 |       ||    22
       Reflection        |       |       |     1 |       |       ||     1
